 Dungeon Crawl Stone Soup version 0.27-a0-1555-g0e7b3fb1d2 (webtiles) character file.

Game seed: 16081439840723134602

2531 wakim the Spear-Bearer (level 9, -1/62 HPs)
             Began as a Merfolk Gladiator on July 14, 2021.
             Was a Believer of the Shining One.
             Slain by a hornet (5 damage)
             ... while paralysed by a hornet
             ... on level 6 of the Dungeon.
             The game lasted 00:15:19 (6900 turns).

wakim the Spear-Bearer (Merfolk Gladiator)          Turns: 6900, Time: 00:15:19

Health: -1/62      AC: 12    Str: 15    XL:     9   Next: 55%
Magic:  9/9        EV:  2    Int:  7    God:    the Shining One [**....]
Gold:   243        SH:  0    Dex: 18    Spells: 8/8 levels left

rFire    . . .     SeeInvis .   a - +0 trident (vorpal)
rCold    + . .     Faith    .   h - +0 kite shield
rNeg     + . .     Spirit   .   n - +2 ring mail {rC+}
rPois    .         Reflect  .   v - +1 helmet
rElec    .         Harm     .   k - +0 cloak
rCorr    .         Rampage  .   (no gloves)
Will     .....                  i - +1 pair of boots
Stlth    +.........             (no amulet)
HPRegen  0.20/turn              (no ring)
MPRegen  0.11/turn              (no ring)

@: paralysed, mighty, divinely shielded, glowing
A: (nimble swimmer 2), mertail
a: Renounce Religion, Divine Shield


You were on level 6 of the Dungeon.
You worshipped the Shining One.
The Shining One was pleased with you.
You visited 2 branches of the dungeon, and saw 8 of its levels.

You collected 243 gold pieces.

Inventory:

Hand Weapons
 a - a +0 vorpal trident (weapon)
 b - a +2 flail of protection
Missiles
 m - 14 poisoned darts (quivered)
 o - a throwing net {=f!f}
 u - 7 boomerangs
Armour
 h - a +0 kite shield (worn)
 i - a +1 pair of boots (worn)
 k - a +0 cloak (worn)
 n - a +2 ring mail of cold resistance (worn)
 v - a +1 helmet (worn)
Scrolls
 R - 2 scrolls of magic mapping {!r}
 Y - a scroll of blinking {!r}
Potions
 d - a potion of magic {unknown}
 g - 2 potions of lignification {unknown}
 j - a potion of degeneration {unknown}
 l - 2 potions of flight {unknown}
 p - 2 potions of attraction {unknown}
 q - 2 potions of cancellation {unknown}
 s - 2 potions of heal wounds {unknown}
 t - 2 potions of brilliance {unknown}
 F - 2 potions of curing
 M - 2 potions of mutation {!q}
 N - a potion of might


   Skills:
 - Level 2.4 Fighting
 * Level 11.9 Polearms
 - Level 2.0 Throwing
 + Level 8.5 Dodging
 * Level 7.7 Shields


You had 8 spell levels left.
You didn't know any spells.
Your spell library contained the following spells:

 Spells                   Type           Power      Damage    Failure   Level
 Passwall                 Tmut/Erth      0%         N/A       98%         2
 Conjure Flame            Conj/Fire      0%         6-21      100%        3
 Leda's Liquefaction      Hex/Erth       0%         N/A       100%        4


Dungeon Overview and Level Annotations

Branches:
Dungeon (7/15)             Temple (1/1) D:4

Altars:
Cheibriados
Elyvilon
Fedhas
Hepliaklqana
Kikubaaqudgha
Okawaru
Qazlal
Ru
Sif Muna
Trog
Uskayaw
Vehumet
Wu Jian
Xom
Zin
The Shining One
Lugonu

Shops:
D:2 (   D:4 (

Annotations:
D:6 3 runed translucent doors, RogueFanUK's ghost, novice DgCj


Innate Abilities, Weirdness & Mutations

((You are quick and stealthy near water. (Stealth+, EV+, Speed+++)))
Your lower body shifts to a powerful aquatic tail in water.


Message History

You throw a poisoned dart. The poisoned dart hits the hornet.
The hornet is poisoned.
The hornet is lightly wounded.
The hornet stings you.
* * * LOW HITPOINT WARNING * * *
You are poisoned.
You feel yourself slow down.
The hornet stings you but does no damage.
Throw: 15 darts (poison)
Press: ? - help, Q - select action, (/) - cycle Shift-Dir - straight line, f/p - hornet
Aim: a hornet (lightly wounded, poisoned, haloed, 66% to hit)
You throw a poisoned dart. The poisoned dart hits the hornet.
The hornet is lightly wounded.
You feel very sick. The hornet stings you.
* * * LOW HITPOINT WARNING * * *
You are lethally poisoned!
You feel as though you will be slow longer.
The hornet misses you.
You feel better. You block the hornet's attack. The hornet barely misses you.
You feel very mighty all of a sudden. You block the hornet's attack. x3
You hit the hornet but do no damage.
The hornet is moderately wounded.
The hornet stings you!
* * * LOW HITPOINT WARNING * * *
You feel as though you will be slow longer.
You closely miss the hornet.
The hornet is heavily wounded.
You block the hornet's attack. x2
Unknown command.
You puncture the hornet!
The hornet is severely wounded.
You feel yourself speed up. The hornet stings you!
* * * LOW HITPOINT WARNING * * *
You suddenly lose the ability to move!
The hornet stings you but does no damage.
The hornet looks more healthy.
The hornet stings you.
You die...

#.# #.##.##.# #.# ♣.♣♣.##.#
####'##### ##♣#'#♣.##.#
#........###..'_'..##.#
#............♣#'#♣.##.#
#........####♣♣.♣♣.##.#
#........# #.##.##[#
#######........######.##.##.#
................@y.....(.##.#
#######........###..#.......#
...............####.#########
....................#
...#...#...#...#....#
..#.#...#.#...#.#...#
.#...#...#...#...#..#
....................#
...#...#)..#...#....#


You could see a hornet.

Vanquished Creatures
  An unseen horror (D:6)
  Edmund (D:4)
  2 orc warriors
  An ice beast (D:7)
  A black bear (D:7)
  3 necrophages
  2 centaurs (D:6)
  2 phantoms
  A bullfrog (D:7)
  A wyvern zombie (D:6)
  3 scorpions
  A wyvern skeleton (D:6)
  A water moccasin skeleton (D:4)
  3 killer bees (D:7)
  A bullfrog zombie (D:6)
  2 centaur zombies
  5 hounds
  A jelly (D:7)
  A gnoll shaman (D:7)
  A centaur skeleton (D:5)
  3 iguanas
  2 orc wizards
  A killer bee zombie (D:7)
  A hound skeleton (D:5)
  3 gnolls (D:3)
  5 adders
  A shadow imp (D:6)
  An adder skeleton (D:4)
  3 worms
  2 dart slugs
  5 orcs
  10 ball pythons
  4 bats
  An endoplasm (D:2)
  3 giant cockroaches
  6 goblins
  6 hobgoblins
  6 jackals
  7 kobolds
  9 quokkas
  3 frilled lizards
  8 rats
124 creatures vanquished.

Vanquished Creatures (others)
  A wizard (D:6)
  An iguana (D:7)
2 creatures vanquished.

Grand Total: 126 creatures vanquished

Notes
Turn   | Place    | Note
-------+----------+-------------------------------------------
     0 | D:1      | wakim the Merfolk Gladiator began the quest for the Orb.
     0 | D:1      | Reached XP level 1. HP: 16/16 MP: 1/1
    55 | D:1      | Reached XP level 2. HP: 12/23 MP: 2/2
   271 | D:1      | Found a faded altar of an unknown god.
   413 | D:1      | Reached skill level 5 in Polearms
   429 | D:1      | Got Uhecim's Papyrus of Lethal Clay
   511 | D:1      | Reached XP level 3. HP: 27/28 MP: 3/3
   698 | D:2      | Reached skill level 1 in Shields
   975 | D:2      | Found a radiant altar of Vehumet.
  1555 | D:2      | Found Subli's Antique Weapon Shop.
  1664 | D:3      | Found a stormy altar of Qazlal.
  1750 | D:3      | Reached XP level 4. HP: 31/34 MP: 4/4
  2028 | D:3      | Reached skill level 5 in Dodging
  2356 | D:3      | Reached skill level 6 in Polearms
  2690 | D:4      | Reached XP level 5. HP: 26/39 MP: 5/5
  2847 | D:4      | Identified the +4 mace "Heat" {drain, rElec rN+}
  2987 | D:4      | Found a staircase to the Ecumenical Temple.
  3000 | Temple   | Entered the Ecumenical Temple
  3069 | Temple   | Became a worshipper of the Shining One
  3087 | D:4      | Noticed Edmund
  3114 | D:4      | Killed Edmund
  3115 | D:4      | Reached skill level 7 in Polearms
  3115 | D:4      | Reached XP level 6. HP: 23/46 MP: 6/6
  3304 | D:4      | Found Amuq's Weapon Boutique.
  3549 | D:5      | Entered Level 5 of the Dungeon
  3741 | D:5      | Reached XP level 7. HP: 49/51 MP: 7/7
  3903 | D:5      | Reached skill level 8 in Polearms
  4309 | D:5      | Found a snail-covered altar of Cheibriados.
  4984 | D:6      | Found a runed translucent gate.
  4984 | D:6      | Found a runed translucent gate.
  4984 | D:6      | Found a runed translucent gate.
  4991 | D:6      | Noticed RogueFanUK's ghost (novice DgCj)
  5031 | D:6      | Reached skill level 9 in Polearms
  5031 | D:6      | Reached skill level 5 in Shields
  5312 | D:6      | Reached * piety under the Shining One
  5313 | D:6      | Reached XP level 8. HP: 51/57 MP: 8/8
  5317 | D:6      | Noticed an unseen horror
  5544 | D:6      | Killed an unseen horror
  5545 | D:6      | Reached skill level 10 in Polearms
  5810 | D:6      | Found a hazy altar of Hepliaklqana.
  5811 | D:6      | Found a faded altar of an unknown god.
  5820 | D:6      | Reached XP level 9. HP: 62/62 MP: 9/9
  5985 | D:6      | Reached skill level 11 in Polearms
  6256 | D:6      | Noticed a +0 hand axe
  6256 | D:6      | Noticed a +0 hand axe
  6258 | D:6      | Found a hide-covered altar of Uskayaw.
  6378 | D:6      | Found a bloodstained altar of Trog.
  6381 | D:6      | Noticed a wizard
  6386 | D:6      | Killed a wizard
  6618 | D:6      | Found a glowing silver altar of Zin.
  6634 | D:7      | Reached ** piety under the Shining One
  6634 | D:7      | Found a shimmering altar of Xom.
  6856 | D:7      | Noticed a hornet
  6899 | D:6      | Paralysed by a hornet for 2 turns
  6900 | D:6      | Slain by a hornet

Illustrated notes

Levels and vault maps discovered:
D:1:      dpeg_arrival_ratfight, layout_rooms,
          hellmonk_ecumenical_altar_leap_of_faith
D:2:      layout_loops_cross, basic_altar, serial_shops, shop_fountains
D:3:      layout_basic, mainiacjoe_overflow_alcove_4
D:4:      layout_basic, minmay_temple_entry_glassed_door, serial_shops,
          nicolae_shop_trees, uniq_edmund
D:5:      cheibrodos_helix_gallery, layout_basic, slow_altar_1, hex_tiny,
          kennysheep_generic_room_3
D:6:      cheibrodos_fzero, layout_basic, trog_wizard,
          beargit_hepliaklqana_dungeon_heroes, dancing_weapons_uskayaw,
          kennysheep_mini_moat, gammafunk_ghost_split
D:7:      layout_loops_ring, lemuel_mausoleum_altar_yredelemnul,
          xom_confusion_cloud
Temple:   corrupted_temple

Skill      XL: |  1  2  3  4  5  6  7  8  9 |
---------------+----------------------------+-----
Polearms       | 5 6 7 9 10 11 | 11.9
Shields        | 1 2 3 5 6 7 |  7.7
Dodging        | 5 6 7 8 |  8.5
Fighting       | |  2.4
Throwing       | |  2.0

Action                   |  1- 3 |  4- 6 |  7- 9 || total
-------------------------+-------+-------+-------++-------
Melee: Trident           |   160 |   135 |   277 ||   572
       Mace              |       |     5 |       ||     5
Throw: Dart              |       |     8 |    22 ||    30
       Throwing net      |       |     3 |       ||     3
Invok: Divine Shield     |       |       |     2 ||     2
  Use: Scroll            |     3 |     1 |     8 ||    12
       Potion            |       |       |     4 ||     4
 Stab: Sleeping          |     2 |       |       ||     2
Armor: Leather armour    |    24 |    10 |       ||    34
       Ring mail         |       |    49 |    83 ||   132
Dodge: Dodged            |    68 |    57 |   141 ||   266
Block: Kite shield       |    26 |    76 |   176 ||   278

Table legend: (Time is in decaauts)
 A = Elapsed time spent in this place.
 B = Non-inter-level travel time spent in this place.
 C = Inter-level travel time spent in this place.
 D = Time resting spent in this place.
 E = Time spent auto-exploring this place.
 F = Levels seen in this place.
 G = Mean time per level.
                   A        B        C        D        E       F      G
               +--------+--------+--------+--------+--------+-----+--------+
         Total |   6971 |   6850 |    121 |    391 |   5119 |   8 |  871.4 |
       Dungeon |   6889 |   6780 |    109 |    391 |   5086 |   7 |  984.1 |
        Temple |     82 |     70 |     12 |      0 |     32 |   1 |   82.0 |
               +--------+--------+--------+--------+--------+-----+--------+

Top non-repeatable levels by time:
     D:6: 1628 daAuts
     D:5: 1517 daAuts
     D:2: 1193 daAuts
     D:3: 831 daAuts
     D:4: 802 daAuts
     D:1: 709 daAuts
     D:7: 206 daAuts
  Temple: 82 daAuts
